TOP OF THE 1ST |
Santa Fe Diablos batting - Pitching for Montgomery Biscuits : LHP Trevor Nichols
|
Pitching: LHP Trevor Nichols
|
|
Batting: LHB Roberto Lozano
|
0-0: Called Strike 0-1: Ball 1-1: Fly out, F9 (Flyball, 9M)
|
Batting: LHB John Nicholson
|
0-0: Ground out U3 (Groundball, 3)
|
Batting: RHB Roberto Zamora
|
0-0: Ball 1-0: Foul Ball, location: 2F 1-1: Swinging Strike 1-2: Ball 2-2: Ball 3-2: Foul Ball, location: 2F 3-2: Foul Ball, location: 2F 3-2: Ground out 6-3 (Groundball, 6)
|
Top of the 1st over - 0 run(s), 0 hit(s), 0 error(s), 0 left on base; Santa Fe 0 - Montgomery 0 |
BOTTOM OF THE 1ST |
Montgomery Biscuits batting - Pitching for Santa Fe Diablos : RHP Tony Henderson
|
Pitching: RHP Tony Henderson
|
|
Batting: RHB Carlos Vásquez
|
0-0: Called Strike 0-1: Ball 1-1: Ball 2-1: Ball 3-1: DOUBLE (Flyball, 9LS)
|
Batting: RHB Peyton Yardley
|
0-0: Called Strike 0-1: Fly out, F4 (Popup, 4D)
|
Batting: RHB Yujiro Kurihara
|
0-0: Called Strike 0-1: Ball 1-1: Swinging Strike 1-2: Ball 2-2: Strikes out looking
|
Batting: RHB Pete Smith
|
0-0: Foul Ball, location: 2F 0-1: Ball 1-1: Called Strike 1-2: Strikes out swinging
|
Bottom of the 1st over - 0 run(s), 1 hit(s), 0 error(s), 1 left on base; Santa Fe 0 - Montgomery 0 |
TOP OF THE 2ND |
Santa Fe Diablos batting - Pitching for Montgomery Biscuits : LHP Trevor Nichols
|
Batting: RHB Lee Price
|
0-0: Swinging Strike 0-1: Swinging Strike 0-2: Ball 1-2: Strikes out looking
|
Batting: RHB Ray Ervin
|
0-0: SINGLE (Line Drive, 78S)
|
Batting: LHB David Hernández
|
0-0: Ball 1-0: Ball 2-0: SINGLE (Line Drive, 78S) Ray Ervin to second
|
Batting: LHB Gary Kern
|
0-0: Called Strike 0-1: Ball 1-1: Called Strike 1-2: Strikes out swinging
|
Batting: LHB Don Soper
|
0-0: Ball 1-0: Swinging Strike 1-1: Called Strike 1-2: Ball 2-2: Ball 3-2: Ground out 4-3 (Groundball, 4M)
|
Top of the 2nd over - 0 run(s), 2 hit(s), 0 error(s), 2 left on base; Santa Fe 0 - Montgomery 0 |
BOTTOM OF THE 2ND |
Montgomery Biscuits batting - Pitching for Santa Fe Diablos : RHP Tony Henderson
|
Batting: RHB Juan Díaz
|
0-0: Swinging Strike 0-1: Foul Ball, location: 2F 0-2: Ground out 5-3 (Groundball, 56S)
|
Batting: RHB Raúl Alejándrez
|
0-0: Foul Ball, location: 2F 0-1: Ball 1-1: Called Strike 1-2: Fly out, F9 (Line Drive, 9S)
|
Batting: RHB Dave Williams
|
0-0: Foul Ball, location: 2F 0-1: Called Strike 0-2: Fly out, F8 (Flyball, 8RM)
|
Bottom of the 2nd over - 0 run(s), 0 hit(s), 0 error(s), 0 left on base; Santa Fe 0 - Montgomery 0 |
TOP OF THE 3RD |
Santa Fe Diablos batting - Pitching for Montgomery Biscuits : LHP Trevor Nichols
|
Batting: RHB Michael Anderson
|
0-0: Called Strike 0-1: Ball 1-1: Ball 2-1: Foul Ball, location: 2F 2-2: Foul Ball, location: 2F 2-2: Strikes out swinging
|
Batting: LHB Roberto Lozano
|
0-0: Ball 1-0: Swinging Strike 1-1: Called Strike 1-2: Strikes out looking
|
Batting: LHB John Nicholson
|
0-0: Ground out U3 (Groundball, 3L)
|
Top of the 3rd over - 0 run(s), 0 hit(s), 0 error(s), 0 left on base; Santa Fe 0 - Montgomery 0 |
BOTTOM OF THE 3RD |
Montgomery Biscuits batting - Pitching for Santa Fe Diablos : RHP Tony Henderson
|
Batting: LHB Brian MacIntosh
|
0-0: Called Strike 0-1: DOUBLE (Flyball, 89D)
|
Batting: SHB Tony Echevarría
|
0-0: Called Strike 0-1: Ball 1-1: Called Strike 1-2: Strikes out swinging
|
Batting: RHB Carlos Vásquez
|
0-0: Ball 1-0: Ground out 6-3 (Groundball, 6M) Brian MacIntosh to third
|
Batting: RHB Peyton Yardley
|
0-0: Called Strike 0-1: Ball 1-1: Foul Ball, location: 2F 1-2: Ball 2-2: Foul Ball, location: 2F 2-2: Ball 3-2: Base on Balls
|
Batting: RHB Yujiro Kurihara
|
0-0: Called Strike 0-1: Hit by Pitch Peyton Yardley to second
|
Batting: RHB Pete Smith
|
0-0: Called Strike 0-1: Swinging Strike 0-2: Ball 1-2: Strikes out swinging
|
Bottom of the 3rd over - 0 run(s), 1 hit(s), 0 error(s), 3 left on base; Santa Fe 0 - Montgomery 0 |
TOP OF THE 4TH |
Santa Fe Diablos batting - Pitching for Montgomery Biscuits : LHP Trevor Nichols
|
Batting: RHB Roberto Zamora
|
0-0: Called Strike 0-1: Ball 1-1: SINGLE (Groundball, 56D)
|
Batting: RHB Lee Price
|
0-0: Ball 1-0: Foul Ball, location: 2F 1-1: Swinging Strike 1-2: Foul Ball, location: 2F 1-2: Ball 2-2: Strikes out looking
|
Batting: RHB Ray Ervin
|
0-0: Called Strike 0-1: SINGLE (Groundball, 6) Roberto Zamora to second
|
Batting: LHB David Hernández
|
0-0: Fly out, F6 (Popup, 56)
|
Batting: LHB Gary Kern
|
0-0: Ground out U3 (Groundball, 3)
|
Top of the 4th over - 0 run(s), 2 hit(s), 0 error(s), 2 left on base; Santa Fe 0 - Montgomery 0 |
BOTTOM OF THE 4TH |
Montgomery Biscuits batting - Pitching for Santa Fe Diablos : RHP Tony Henderson
|
Batting: RHB Juan Díaz
|
0-0: Foul Ball, location: 2F 0-1: Ball 1-1: Ball 2-1: Ball 3-1: Foul Ball, location: 2F 3-2: Ground out 4-3 (Groundball, 34)
|
Batting: RHB Raúl Alejándrez
|
0-0: Ball 1-0: Ball 2-0: Called Strike 2-1: Fly out, F8 (Flyball, 8RXD)
|
Batting: RHB Dave Williams
|
0-0: Called Strike 0-1: Called Strike Error on foul ball, E2 0-2: Ball 1-2: Ball 2-2: SINGLE (Line Drive, 7S)
|
Batting: LHB Brian MacIntosh
|
0-0: Ball 1-0: Ball 2-0: Ball 3-0: Base on Balls Dave Williams to second
|
Batting: SHB Tony Echevarría
|
0-0: Called Strike 0-1: Ball 1-1: Called Strike 1-2: Ball 2-2: Ball 3-2: Strikes out swinging
|
Bottom of the 4th over - 0 run(s), 1 hit(s), 1 error(s), 2 left on base; Santa Fe 0 - Montgomery 0 |
TOP OF THE 5TH |
Santa Fe Diablos batting - Pitching for Montgomery Biscuits : LHP Trevor Nichols
|
Batting: LHB Don Soper
|
0-0: SOLO HOME RUN (Flyball, 9D), Distance : 377 ft
|
Batting: RHB Michael Anderson
|
0-0: Ball 1-0: Ground out 1-3 (Groundball, 13)
|
Batting: LHB Roberto Lozano
|
0-0: Called Strike 0-1: Foul Ball, location: 2F 0-2: Ball 1-2: Foul Ball, location: 2F 1-2: Foul Ball, location: 2F 1-2: Strikes out looking
|
Batting: LHB John Nicholson
|
0-0: Ball 1-0: Ball 2-0: Called Strike 2-1: Foul Ball, location: 2F 2-2: Hit by Pitch
|
Batting: RHB Roberto Zamora
|
0-0: Ball 1-0: Ball 2-0: Called Strike 2-1: Ground out 3-1 (Groundball, 3L)
|
Top of the 5th over - 1 run(s), 1 hit(s), 0 error(s), 1 left on base; Santa Fe 1 - Montgomery 0 |
BOTTOM OF THE 5TH |
Montgomery Biscuits batting - Pitching for Santa Fe Diablos : RHP Tony Henderson
|
Batting: RHB Carlos Vásquez
|
0-0: Foul Ball, location: 2F 0-1: Ball 1-1: Called Strike 1-2: Ball 2-2: Ball 3-2: Foul Ball, location: 2F 3-2: Base on Balls
|
Batting: RHB Peyton Yardley
|
0-0: Foul Ball, location: 2F 0-1: Swinging Strike 0-2: Ball 1-2: Ball 2-2: Strikes out looking
|
Batting: RHB Yujiro Kurihara
|
0-0: Ball 1-0: Foul Ball, location: 2F 1-1: Foul Ball, location: 2F 1-2: Foul Ball, location: 2F 1-2: Ball 2-2: Ball 3-2: Grounds into double play, U6-3 (Groundball, 6)
|
Bottom of the 5th over - 0 run(s), 0 hit(s), 0 error(s), 0 left on base; Santa Fe 1 - Montgomery 0 |
TOP OF THE 6TH |
Santa Fe Diablos batting - Pitching for Montgomery Biscuits : LHP Trevor Nichols
|
Batting: RHB Lee Price
|
0-0: Ball 1-0: Swinging Strike 1-1: Ground out 6-3 (Groundball, 6M)
|
Batting: RHB Ray Ervin
|
0-0: Swinging Strike 0-1: Swinging Strike 0-2: Ball 1-2: Strikes out swinging
|
Batting: LHB David Hernández
|
0-0: Ball 1-0: Ball 2-0: Swinging Strike 2-1: Called Strike 2-2: Strikes out swinging
|
Top of the 6th over - 0 run(s), 0 hit(s), 0 error(s), 0 left on base; Santa Fe 1 - Montgomery 0 |
BOTTOM OF THE 6TH |
Montgomery Biscuits batting - Pitching for Santa Fe Diablos : RHP Tony Henderson
|
Batting: RHB Pete Smith
|
0-0: Called Strike 0-1: Foul Ball, location: 2F 0-2: Strikes out swinging
|
Pitching: RHP Raúl Gómez
|
|
Batting: RHB Juan Díaz
|
0-0: Ball 1-0: Ball 2-0: Ball 3-0: Called Strike 3-1: Base on Balls
|
Batting: RHB Raúl Alejándrez
|
0-0: Ball 1-0: Foul Ball, location: 2F 1-1: Swinging Strike 1-2: Foul Ball, location: 2F 1-2: Strikes out swinging
|
Batting: RHB Dave Williams
|
0-0: Ball 1-0: Ground out 5-3 (Groundball, 56S)
|
Bottom of the 6th over - 0 run(s), 0 hit(s), 0 error(s), 1 left on base; Santa Fe 1 - Montgomery 0 |
TOP OF THE 7TH |
Santa Fe Diablos batting - Pitching for Montgomery Biscuits : LHP Trevor Nichols
|
Batting: LHB Gary Kern
|
0-0: Ball 1-0: Called Strike 1-1: Ball 2-1: Called Strike 2-2: Foul Ball, location: 2F 2-2: Ball 3-2: Base on Balls
|
Pinch Hitting: RHB John Dinkins
|
0-0: Bunted foul 0-1: Sac Bunt - play at second, runner OUT! 3-6
|
Batting: RHB Michael Anderson
|
0-0: Ball 1-0: SINGLE (Flyball, 8RS) John Dinkins to second Runner from 2nd tries for 3rd, SAFE, no throw or cutoff
|
Pitching: RHP Jim Baker
|
|
Pinch Hitting: RHB Murai Ishihara
|
0-0: Called Strike 0-1: Swinging Strike 0-2: Ball 1-2: Grounds into double play, 6-4-3 (Groundball, 6M)
|
Top of the 7th over - 0 run(s), 1 hit(s), 0 error(s), 1 left on base; Santa Fe 1 - Montgomery 0 |
BOTTOM OF THE 7TH |
Montgomery Biscuits batting - Pitching for Santa Fe Diablos : RHP Raúl Gómez
|
Now at 2B: Murai Ishihara
|
|
Now in CF: Ángel Díaz
|
|
Batting: LHB Brian MacIntosh
|
0-0: Foul Ball, location: 2F 0-1: Ball 1-1: Ball 2-1: Foul Ball, location: 2F 2-2: Ball 3-2: Strikes out swinging
|
Batting: SHB Tony Echevarría
|
0-0: Ball 1-0: Ball 2-0: DOUBLE (Line Drive, 78D)
|
Pinch Hitting: RHB Warren Martin
|
0-0: Called Strike 0-1: Fly out, F4 (Line Drive, 4)
|
Batting: RHB Peyton Yardley
|
0-0: Called Strike 0-1: Ball 1-1: Foul Ball, location: 2F 1-2: Strikes out looking
|
Bottom of the 7th over - 0 run(s), 1 hit(s), 0 error(s), 1 left on base; Santa Fe 1 - Montgomery 0 |
TOP OF THE 8TH |
Santa Fe Diablos batting - Pitching for Montgomery Biscuits : RHP Jim Baker
|
Now at SS: Lawrence Farley
|
|
Batting: LHB John Nicholson
|
0-0: Swinging Strike 0-1: Foul Ball, location: 2F 0-2: Ball 1-2: Ball 2-2: Strikes out swinging
|
Batting: RHB Roberto Zamora
|
0-0: Swinging Strike 0-1: Swinging Strike 0-2: Ball 1-2: Strikes out looking
|
Batting: RHB Lee Price
|
0-0: Foul Ball, location: 2F 0-1: Ball 1-1: Swinging Strike 1-2: Strikes out swinging
|
Top of the 8th over - 0 run(s), 0 hit(s), 0 error(s), 0 left on base; Santa Fe 1 - Montgomery 0 |
BOTTOM OF THE 8TH |
Montgomery Biscuits batting - Pitching for Santa Fe Diablos : RHP Raúl Gómez
|
Pitching: RHP David Sheppard
|
|
Now in RF: Keith Jones
|
|
Batting: RHB Yujiro Kurihara
|
0-0: Ball 1-0: Called Strike 1-1: Foul Ball, location: 2F 1-2: Ball 2-2: Foul Ball, location: 2F 2-2: Foul Ball, location: 2F 2-2: Fly out, F7 (Flyball, 78S)
|
Batting: RHB Pete Smith
|
0-0: Ball 1-0: Called Strike 1-1: Ball 2-1: Fly out, F7 (Line Drive, 78D)
|
Batting: RHB Juan Díaz
|
0-0: Foul Ball, location: 2F 0-1: Ball 1-1: Ball 2-1: Fly out, F9 (Flyball, 9M)
|
Bottom of the 8th over - 0 run(s), 0 hit(s), 0 error(s), 0 left on base; Santa Fe 1 - Montgomery 0 |
TOP OF THE 9TH |
Santa Fe Diablos batting - Pitching for Montgomery Biscuits : RHP Jim Baker
|
Pitching: RHP Guillermo Lozano
|
|
Batting: RHB Ray Ervin
|
0-0: Called Strike 0-1: Ground out 6-3 (Groundball, 6)
|
Batting: LHB David Hernández
|
0-0: Called Strike 0-1: Foul Ball, location: 2F 0-2: Strikes out looking
|
Batting: LHB Gary Kern
|
0-0: Fly out, F7 (Flyball, 7M)
|
Top of the 9th over - 0 run(s), 0 hit(s), 0 error(s), 0 left on base; Santa Fe 1 - Montgomery 0 |
BOTTOM OF THE 9TH |
Montgomery Biscuits batting - Pitching for Santa Fe Diablos : RHP David Sheppard
|
Pitching: LHP Jerry Beck
|
|
Batting: RHB Raúl Alejándrez
|
0-0: Swinging Strike 0-1: Swinging Strike 0-2: Strikes out swinging
|
Batting: RHB Dave Williams
|
0-0: Called Strike 0-1: Ball 1-1: Ball 2-1: Swinging Strike 2-2: Ball 3-2: Foul Ball, location: 2F 3-2: Strikes out swinging
|
Batting: LHB Brian MacIntosh
|
0-0: Ball 1-0: Called Strike Reached via error on a dropped throw, E1
|
Pinch Hitting: SHB Jack Estes
|
0-0: Foul Ball, location: 2F 0-1: SINGLE (Line Drive, 3D) Brian MacIntosh to second Runner from 2nd tries for 3rd, SAFE, throw made to third
|
Batting: SHB Lawrence Farley
|
0-0: Foul Ball, location: 2F 0-1: Swinging Strike 0-2: Strikes out swinging
|
Bottom of the 9th over - 0 run(s), 1 hit(s), 1 error(s), 2 left on base; Santa Fe 1 - Montgomery 0 |
|